 Dungeon Crawl Stone Soup version 0.22.1-1-ga44c0e5 (webtiles) character file.

5222 Starchild the Geomancer (level 10, -3/75 HPs)
             Began as a Deep Dwarf Earth Elementalist on Sept 27, 2018.
             Was a Priest of Elyvilon.
             Slain by a manticore (8 damage)
             ... on level 10 of the Dungeon.
             The game lasted 00:50:06 (8058 turns).

Starchild the Geomancer (DDEE)                      Turns: 8058, Time: 00:50:09

Health: -3/75      AC:  9    Str: 12    XL:     10   Next: 35%
Magic:  7/18       EV: 12    Int: 19    God:    Elyvilon [***...]
Gold:   472        SH:  6    Dex: 13    Spells: 3/21 levels left

rFire    + . .     SeeInvis +   s - +1 dagger (protect)
rCold    . . .     Gourm    .   q - +1 buckler {AC+3}
rNeg     . . .     Faith    .   D - +2 leather armour {rF+}
rPois    +         Spirit   .   (no helmet)
rElec    +         Reflect  .   (no cloak)
rCorr    +         Harm     .   g - +0 pair of gloves
MR       +....                  (no boots)
Stlth    ++........             (no amulet)
HPRegen  0.00/turn              v - ring of resist corrosion
MPRegen  0.16/turn              M - ring "Faxzerin" {Wiz rElec rPois SInv}

@: non-regenerating
A: damage resistance, heal wounds, sense surroundings 2, no regeneration
a: Heal Wounds, Lesser Healing, Heal Other, Purification, Divine Protection,
Renounce Religion


You were on level 10 of the Dungeon.
You worshipped Elyvilon.
Elyvilon was most pleased with you.
You were not hungry.

You visited 2 branches of the dungeon, and saw 11 of its levels.

You collected 472 gold pieces.

Inventory:

Hand Weapons
 k - a +2 short sword of speed
 m - a +0 dagger of electrocution
 s - a +1 dagger of protection (weapon)
 G - a +0 hand crossbow
 H - a +1 whip of flaming
Missiles
 b - 195 stones
 f - 5 throwing nets
 i - 75 bolts
 n - 25 tomahawks (quivered)
Armour
 c - a +0 robe
 g - a +0 pair of gloves (worn)
 q - a +1 buckler of protection (worn)
 t - the +0 helmet "Poumanet" {*Corrode *Slow rN++ Regen+}
   (You took it off Robin on level 4 of the Dungeon)

   It greatly protects you from negative energy.
   It increases your rate of regeneration.
   It may corrode you when you take damage.
   It may slow you when you take damage.
 D - a +2 leather armour of fire resistance (worn)
 F - a +0 leather armour of cold resistance
Jewellery
 v - a ring of resist corrosion (left hand)
 B - an uncursed ring of fire
 I - an uncursed ring of ice
 L - a +2 ring of strength {unknown}
 M - the ring "Faxzerin" (right hand) {Wiz rElec rPois SInv}
   (You found it on level 8 of the Dungeon)

   [ring of wizardry]

   It improves your spell success rate.
   It insulates you from electricity.
   It protects you from poison.
   It lets you see invisible.
Wands
 l - a wand of flame (57)
 y - a wand of disintegration (16)
Scrolls
 a - 2 scrolls of amnesia
 o - 3 scrolls of blinking
 u - 13 scrolls of teleportation
 A - a scroll of silence {unknown}
 E - 3 scrolls of magic mapping {unknown}
 K - a scroll of noise {unknown}
 N - a scroll of fog {unknown}
 O - 2 scrolls of fear
Potions
 e - 4 potions of heal wounds
 h - 3 potions of resistance
 j - a potion of flight {unknown}
 p - 3 potions of cancellation
 r - 5 potions of curing
 w - 3 potions of degeneration {unknown}
 x - a potion of magic {unknown}
 z - 2 potions of haste {unknown}
 C - a potion of might {unknown}
 J - a potion of mutation {unknown}
Comestibles
 d - 12 rations


   Skills:
 - Level 1.1 Armour
 - Level 3.0 Dodging
 - Level 2.4 Stealth
 - Level 4.0 Shields
 + Level 6.0 Spellcasting
 * Level 1.7 Translocations
 - Level 0.8 Transmutations
 - Level 14.0 Earth Magic
 - Level 9.0 Invocations


You had 3 spell levels left.
You knew the following spells:

 Your Spells              Type           Power        Failure   Level  Hunger
a - Sandblast             Erth           ######       1%          1    None
b - Passwall              Tmut/Erth      ####....     1%          2    None
c - Stone Arrow           Conj/Erth      ####..       1%          3    ##.....
d - Lee's Rapid Deconstr  Erth           ######....   1%          5    #####..
e - Petrify               Tmut/Erth      ####....     2%          4    ####...
f - Blink                 Tloc           N/A          4%          2    None
g - Apportation           Tloc           ##....       2%          1    None

Your spell library contained the following spells:

 Spells                   Type           Power        Failure   Level  Hunger
 Animate Skeleton         Necr           N/A          6%          1    None
 Confusing Touch          Hex            #.....       6%          1    None
 Magic Dart               Conj           #...         6%          1    None
 Sting                    Conj/Pois      #...         6%          1    None
 Summon Small Mammal      Summ           #...         6%          1    None
 Call Imp                 Summ           #.......     9%          2    None
 Poisonous Vapours        Pois/Air       #.....       9%          2    None
 Slow                     Hex            #.......     9%          2    None
 Gell's Gravitas          Tloc           ##........   9%          3    ##.....
 Confuse                  Hex            #.......     16%         3    ##.....
 Conjure Flame            Conj/Fire      #.......     16%         3    ##.....
 Mephitic Cloud           Conj/Pois/Air  #.......     16%         3    ##.....
 Olgreb's Toxic Radiance  Pois           #.......     45%         4    ####...
 Yara's Violent Unravell  Hex/Tmut       #.........   75%         5    #####..
 Metabolic Englaciation   Hex/Ice        #.........   80%         5    #####..
 Venom Bolt               Conj/Pois      #.........   80%         5    #####..


Dungeon Overview and Level Annotations

Branches:
Dungeon (10/15)            Temple (1/1) D:5             Orc (0/2) D:10
   Lair: D:8-11

Altars:
Ashenzari
Cheibriados
Dithmenos
Elyvilon
Fedhas
Gozag
Hepliaklqana
Kikubaaqudgha
Makhleb
Nemelex Xobeh
Okawaru
Qazlal
Ru
Sif Muna
Trog
Uskayaw
Vehumet
Wu Jian
Xom
Yredelemnul
Zin
The Shining One

Annotations:
D:9 2 runed doors, emiel's ghost, novice NaTm


Innate Abilities, Weirdness & Mutations

You are resistant to damage.
You can heal yourself by infusing magical energy.
You passively map the area around you.
You do not regenerate.


Message History

Press: ? - help, Shift-Dir - straight line, f/p - manticore
Aim: a manticore (heavily wounded)
The blast of sand hits the manticore.
The manticore is heavily wounded.
b - 196 stones The manticore bites you but does no damage.
You block the manticore's attack. The manticore claws you.
* * * LOW HITPOINT WARNING * * *
Casting: Sandblast (safe; 1% risk of failure)
Confirm with . or Enter, or press ? or * to list all spells.
Aiming: Sandblast (safe; 1% risk of failure)
Press: ? - help, Shift-Dir - straight line, f/p - manticore
Aim: a manticore (heavily wounded)
The blast of sand hits the manticore.
The manticore is heavily wounded.
b - 195 stones The manticore closely misses you.
The manticore claws you!
* * * LOW HITPOINT WARNING * * *
The manticore claws you!
You die...

####### * * *
** #H@##.## ,
, #.##..#.# ,
. # ##.#.# ,
.....,
####..##
,......
#.#.##.# ,
#.... #†##*(#
#.... ##.#####
*
#....##....)#
,
,#......###..#


You could see a manticore.

Vanquished Creatures
  Pikel (D:7)
  An ugly thing (D:10)
  A gargoyle (D:9)
  A troll (D:9)
  Prince Ribbit (D:7)
  A spriggan (D:8)
  6 yaks (D:7)
  Eustachio (D:6)
  Menkaure (D:4)
  Purgy (D:3)
  An orc warrior (D:6)
  An eye of draining (D:8)
  2 ice beasts
  A sky beast (D:8)
  A slave (D:7)
  2 phantoms
  2 ogres
  4 centaurs
  2 bullfrogs
  3 scorpions (D:8)
  3 killer bees (D:8)
  A howler monkey (D:4)
  3 crimson imps
  A hound (D:8)
  2 orc priests
  4 orc wizards
  A jelly (D:8)
  2 bullfrog skeletons
  A centaur skeleton (D:5)
  6 worker ants
  A hound zombie (D:5)
  Robin (D:4)
  A worker ant zombie (D:5)
  4 gnolls (D:6)
  5 adders
  An adder zombie (D:7)
  2 worms
  A dart slug (D:1)
  3 leopard geckos
  31 orcs
  4 bats
  9 giant cockroaches
  10 goblins
  12 hobgoblins
  13 jackals
  11 kobolds
  4 quokkas
  3 frilled lizards
  2 giant cockroach zombies
  A leopard gecko skeleton (D:5)
  9 rats
186 creatures vanquished.

Vanquished Creatures (others)
  2 slaves
  A centaur zombie (D:7)
  An adder (D:7)
  A fungus (D:10)
  3 plants (D:10)
  2 withered plants (D:7)
10 creatures vanquished.

Grand Total: 196 creatures vanquished

Notes
Turn   | Place    | Note
-------+----------+-------------------------------------------
     0 | D:1      | Starchild the Deep Dwarf Earth Elementalist began the quest
                  | for the Orb.
     0 | D:1      | Reached XP level 1. HP: 15/15 MP: 3/3
   132 | D:1      | Reached XP level 2. HP: 16/22 MP: 0/4
   137 | D:1      | Learned a level 2 spell: Passwall
   196 | D:1      | Reached skill level 5 in Earth Magic
   442 | D:1      | You fall through a shaft!
   530 | D:2      | Reached XP level 3. HP: 16/28 MP: 2/5
   550 | D:2      | Reached skill level 6 in Earth Magic
   628 | D:2      | Reached XP level 4. HP: 30/36 MP: 1/5
  1335 | D:2      | Learned a level 3 spell: Stone Arrow
  1596 | D:4      | Found a basalt altar of Yredelemnul.
  1598 | D:4      | Noticed Menkaure
  1643 | D:4      | Noticed Robin
  1692 | D:4      | Killed Robin
  1692 | D:4      | Reached skill level 7 in Earth Magic
  1704 | D:4      | Got an ancient helmet
  1711 | D:4      | Identified the cursed +0 helmet "Poumanet" {*Corrode *Slow
                  | rN++ Regen+} (You took it off Robin on level 4 of the
                  | Dungeon)
  1917 | D:4      | Found a glowing golden altar of the Shining One.
  1962 | D:4      | Reached skill level 1 in Shields
  1962 | D:4      | Reached XP level 5. HP: 15/42 MP: 3/6
  2222 | D:4      | Found a bloodstained altar of Trog.
  2383 | D:3      | Found a radiant altar of Vehumet.
  2691 | D:3      | Noticed Purgy
  2723 | D:3      | Killed Purgy
  2723 | D:3      | Reached skill level 8 in Earth Magic
  2723 | D:3      | Reached XP level 6. HP: 12/49 MP: 0/7
  3255 | D:4      | Killed Menkaure
  3255 | D:4      | Reached skill level 9 in Earth Magic
  3329 | D:5      | Entered Level 5 of the Dungeon
  3352 | D:5      | Noticed an ice beast
  3355 | D:5      | Killed an ice beast
  3355 | D:5      | Reached XP level 7. HP: 31/55 MP: 4/8
  3587 | D:5      | Reached skill level 10 in Earth Magic
  3952 | D:5      | Found a staircase to the Ecumenical Temple.
  3972 | Temple   | Entered the Ecumenical Temple
  4263 | Temple   | Became a worshipper of Elyvilon the Healer
  4407 | D:6      | Found a bloodstained altar of Trog.
  4407 | D:6      | Noticed Eustachio
  4543 | D:6      | Reached skill level 11 in Earth Magic
  4543 | D:6      | Reached skill level 1 in Invocations
  4627 | D:6      | Killed Eustachio
  4627 | D:6      | Reached XP level 8. HP: 31/62 MP: 0/9
  4771 | D:6      | Found a glowing silver altar of Zin.
  4771 | D:6      | Noticed an angel
  4898 | D:6      | Reached skill level 12 in Earth Magic
  5225 | D:7      | Found a hide-covered altar of Uskayaw.
  5225 | D:7      | Found a deep blue altar of Sif Muna.
  5349 | D:7      | Found an ancient bone altar of Kikubaaqudgha.
  5414 | D:7      | Reached skill level 13 in Earth Magic
  5416 | D:7      | Found a blossoming altar of Fedhas.
  5420 | D:7      | Reached * piety under Elyvilon
  5430 | D:7      | Noticed Prince Ribbit
  5436 | D:7      | Killed Prince Ribbit
  5443 | D:7      | Learned a level 5 spell: Lee's Rapid Deconstruction
  5559 | D:7      | Noticed Pikel
  5584 | D:7      | Killed Pikel
  5584 | D:7      | Reached skill level 5 in Invocations
  5584 | D:7      | Gained mutation: You passively map the area around you.
                  | [Deep Dwarf growth]
  5584 | D:7      | Reached XP level 9. HP: 35/68 MP: 0/13
  5594 | D:7      | Learned a level 4 spell: Petrify
  5736 | D:7      | Found an ornate altar of the Wu Jian Council.
  6174 | D:7      | Reached skill level 14 in Earth Magic
  6250 | D:8      | Found a snail-covered altar of Cheibriados.
  6335 | D:8      | Reached ** piety under Elyvilon
  6399 | D:8      | Reached skill level 1 in Armour
  6586 | D:8      | Got a sparkling silver ring
  6601 | D:8      | Identified the ring "Faxzerin" {Wiz rElec rPois SInv} (You
                  | found it on level 8 of the Dungeon)
  6631 | D:8      | Found a sparkling altar of Nemelex Xobeh.
  6724 | D:8      | Reached XP level 10. HP: 34/75 MP: 13/15
  6731 | D:8      | Learned a level 2 spell: Blink
  6733 | D:8      | Learned a level 1 spell: Apportation
  7184 | D:9      | Found a sacrificial altar of Ru.
  7201 | D:9      | Reached *** piety under Elyvilon
  7220 | D:9      | Noticed a gargoyle
  7222 | D:9      | Killed a gargoyle
  7222 | D:9      | Reached skill level 5 in Spellcasting
  7244 | D:9      | Found a stormy altar of Qazlal.
  7610 | D:9      | Reached skill level 1 in Translocations
  7673 | D:9      | Found a large runed door.
  7674 | D:9      | Found a large runed door.
  7678 | D:9      | Noticed emiel's ghost (novice NaTm)
  7880 | D:9      | Found a shimmering altar of Xom.
  8005 | D:10     | Entered Level 10 of the Dungeon
  8029 | D:10     | Found a staircase to the Orcish Mines.
  8036 | D:10     | Noticed a cyan ugly thing
  8041 | D:10     | Killed a cyan ugly thing
  8054 | D:10     | Noticed a manticore
  8058 | D:10     | Slain by a manticore

Skill      XL: |  1  2  3  4  5  6  7  8  9 10 |
---------------+-------------------------------+-----
Earth Magic    | 5 6 7 8 9 11 13 14 | 14.0
Shields        | 1 2 3 4 |  4.0
Invocations    | 2 5 8 9 |  9.0
Spellcasting   | 3 4 6 |  6.0
Dodging        | 3 |  3.0
Armour         | 1 |  1.1
Translocations | 1 |  1.7
Stealth        | |  2.4
Transmutations | |  0.8

Action                   |  1- 3 |  4- 6 |  7- 9 | 10-12 || total
-------------------------+-------+-------+-------+-------++-------
Melee: Unarmed           |    23 |       |       |       ||    23
       Short sword       |    30 |       |       |       ||    30
       Dagger            |     3 |   136 |    30 |    13 ||   182
Throw: Tomahawk          |       |       |     7 |       ||     7
 Cast: Sandblast         |    32 |    65 |   130 |    26 ||   253
       Stone Arrow       |       |     4 |    17 |     2 ||    23
       Lee's Rapid Decon |       |       |       |     2 ||     2
       Petrify           |       |       |       |     2 ||     2
 Abil: Heal Wounds       |     1 |     2 |     2 |       ||     5
  Use: Scroll            |       |    10 |     7 |       ||    17
 Stab: Sleeping          |     2 |     5 |     2 |       ||     9
       Petrified         |       |       |       |     4 ||     4
  Eat: Ration            |       |     1 |     1 |     1 ||     3
       Chunk             |       |     7 |    10 |     3 ||    20
Armor: Robe              |     6 |    41 |     5 |       ||    52
       Leather armour    |       |       |    10 |     6 ||    16
Dodge: Dodged            |    51 |   100 |    41 |    10 ||   202
Block: Buckler           |       |    34 |    16 |     7 ||    57
